 Dungeon Crawl Stone Soup version 0.30-a0-772-g5528072125 (webtiles) character file.

Game seed: 13698190797725966328

5400 Flugslaktarn the Cleaver (level 10, -1/88 HPs)
             Began as a Minotaur Fighter on Feb 12, 2023.
             Was a High Priest of Uskayaw.
             Shot with an arrow by a centaur (8 damage)
             ... on level 9 of the Dungeon.
             The game lasted 00:03:57 (9043 turns).

Flugslaktarn the Cleaver (Minotaur Fighter)         Turns: 9043, Time: 00:03:57

Health: -1/88      AC: 13    Str: 28    XL:     10   Next: 40%
Magic:  13/13      EV:  7    Int:  5    God:    Uskayaw [*****.]
Gold:   379        SH: 10    Dex: 13    Spells: 9/9 levels left

rFire   . . .      SeeInvis +    a - +0 war axe (venom)
rCold   . . .      Faith    .    b - +0 kite shield
rNeg    . . .      Spirit   .    D - +0 chain mail
rPois   .          Reflect  .    (helmet restricted)
rElec   .          Harm     .    o - +1 cloak {Stlth+}
rCorr   .          Rampage  .    (no gloves)
Will    .....                    (no boots) Stlth
                                 (no amulet)
HPRegen 0.34/turn                n - +6 ring of strength
MPRegen 0.13/turn                i - ring of see invisible

@: no status effects
A: horns 2, retaliatory headbutt
a: Renounce Religion, Stomp, Line Pass, Grand Finale


You were on level 9 of the Dungeon.
You worshipped Uskayaw.
Uskayaw was noncommittal.
You visited 1 branch of the dungeon, and saw 9 of its levels.

You collected 379 gold pieces.

Inventory:

Hand Weapons
 a - a +0 war axe of venom (weapon)
Missiles
 C - a throwing net (quivered)
Armour
 b - a +0 kite shield (worn)
   (You took it off a gnoll sergeant on level 8 of the Dungeon)
 o - a +1 cloak of stealth (worn)
   (You found it on level 5 of the Dungeon)
 D - a +0 chain mail (worn)
   (You took it off an orc warrior on level 8 of the Dungeon)
Jewellery
 c - a ring of positive energy
   (You found it on level 1 of the Dungeon)
 f - a ring of wizardry
   (You found it on level 1 of the Dungeon)
 i - a ring of see invisible (right hand)
   (You found it on level 6 of the Dungeon)
 n - a +6 ring of strength (left hand)
   (You found it on level 2 of the Dungeon)
 E - a ring of ice
   (You found it on level 8 of the Dungeon)
Wands
 g - a wand of digging (6)
   (You found it on level 8 of the Dungeon)
 v - a wand of quicksilver (20)
   (You found it on level 6 of the Dungeon)
 B - a wand of roots (12)
   (You found it on level 7 of the Dungeon)
Scrolls
 e - 2 scrolls of immolation
 k - 2 scrolls of vulnerability
 l - 3 scrolls of magic mapping
 p - a scroll of enchant weapon
 r - 3 scrolls of identify
 t - 3 scrolls of teleportation
 u - a scroll of torment
 y - a scroll of enchant armour {unknown}
 z - a scroll of blinking
Potions
 d - a potion of might
 h - 2 potions of berserk rage
 j - 2 potions of attraction {unknown}
 m - a potion of brilliance
 q - 5 potions of curing
 s - 2 potions of flight {unknown}
 w - a potion of heal wounds
 x - a potion of experience {unknown}
 A - a potion of cancellation {unknown}


   Skills:
 + Level 8.2 Fighting
 * Level 10.7 Axes
 + Level 8.3 Armour
 + Level 8.2 Shields
 + Level 5.8 Invocations
 + Level 3.3 Evocations


You had 9 spell levels left.
You didn't know any spells.
Your spell library was empty.

Dungeon Overview and Level Annotations

Branches:
Dungeon (9/15)             Temple (0/1) D:5            Lair (0/5) D:8
    Orc: D:9-12

Altars:
Cheibriados
Nemelex Xobeh
Qazlal
Uskayaw
Xom
Yredelemnul
The Shining One

Annotations:
D:8 7 runed translucent doors, sanka's ghost, novice GrFi


Innate Abilities, Weirdness & Mutations

You have a pair of horns on your head.
You reflexively headbutt those who attack you in melee.


Message History

The kobold brigand is almost dead.
You hear a bellow!
You block the kobold brigand's attack.
You closely miss the kobold brigand.
The kobold brigand is almost dead.
The centaur shoots an arrow.
The arrow hits you.
The kobold brigand hits you with a +0 short sword.
A yak comes into view.
The centaur shoots an arrow.
The arrow hits you!
You hear a bellow!
You barely miss the kobold brigand.
The kobold brigand is almost dead.
The kobold brigand hits you with a +0 short sword.
A yak comes into view.
You closely miss the kobold brigand. You headbutt the kobold brigand.
You kill the kobold brigand!
You hit the yak.
The yak is poisoned.
You hit the centaur.
The centaur unwields a +0 shortbow.
You block the centaur's attack. x2
The centaur hits you but does no damage.
The centaur barely misses you. The yak barely misses you.
A yak comes into view.
You hit the yak but do no damage. You headbutt the yak.
The yak is lightly wounded.
You slash the centaur!
The centaur looks as sick as possible!
You block the centaur's attack. The centaur closely misses you.
A centaur comes into view.
The yak closely misses you.
The centaur drinks a potion.
The centaur is healed!
The centaur looks more healthy.
The centaur moves out of view.
You can now pass through a line of other dancers.
You slash the yak!
The yak looks as sick as possible!
Your headbutt misses the yak.
The yak is heavily wounded.
You hit the centaur.
The centaur is poisoned.
The centaur hits you. You block the centaur's attack.
A yak comes into view.
The yak gores you.
You closely miss the yak.
The yak is heavily wounded.
You slash the yak! You closely miss the centaur.
You block the centaur's attack.
The centaur kicks you but does no damage.
The yak gores you! The yak gores you. The centaur hits you.
The centaur barely misses you.
Uskayaw will force your foes to helplessly watch your dance.
Uskayaw prepares the audience for your solo!
The helpless centaur fails to defend itself.
You hit the centaur. You headbutt the centaur!
The centaur is severely wounded.
The helpless yak fails to defend itself.
You slash the yak!
The helpless yak fails to defend itself.
You hit the yak.
The yak is poisoned.
You kill the yak!
The yak is no longer paralysed. x2; The yak gores you but does no damage.
You are too injured to fight recklessly!
You are too injured to fight recklessly!
You are too injured to fight recklessly!
You barely miss the yak.
The yak is moderately wounded.
The helpless centaur fails to defend itself.
You slash the centaur!
You kill the centaur!
The yak is no longer paralysed. x2; You block the yak's attack.
Uskayaw will force your foes to share their pain.
Uskayaw links your audience in an emotional bond!
You hit the yak.
The yak looks as sick as possible!
The yak is heavily wounded.
You slash the yak!
You kill the yak!
The yak gores you!
* * * LOW HITPOINT WARNING * * *
You slash the yak!
You kill the yak!
You completely miss the yak.
A kobold comes into view. It is wielding a +0 club.
The yak gores you but does no damage. The yak gores you!
* * * LOW HITPOINT WARNING * * *
The kobold shouts!
You slash the yak!
You kill the yak!
You hit the yak but do no damage.
The yak is poisoned.
You hear a shout!
The yak gores you.
* * * LOW HITPOINT WARNING * * *
You hear a shout!
You can now merge with and destroy a victim.
You closely miss the yak.
The yak is almost dead.
You kill the yak!
The kobold throws a stone.
You block the stone.
Unknown command.
The centaur shouts!
The centaur wields a +0 shortbow.
The centaur shoots an arrow.
The arrow barely misses you.
The centaur shoots an arrow.
The arrow hits you but does no damage.
The centaur shoots an arrow.
The arrow hits you.
* * * LOW HITPOINT WARNING * * *
Uskayaw links your audience in an emotional bond!
The centaur shoots an arrow.
The arrow hits you!
You die...

## .. ##
##+.##....# # #..
#.....# #.#.# #...
#.....# #.#.#
#...###.....###.#.#
#....K............#
#.....))..........
#........_....†.#
#........@.....<#
####..........†##
####.....####
#...))# #..)).#
#........
#........##
#....c...#
#........#


You could see a centaur (pain bonded) and a kobold (pain bonded).

Vanquished Creatures
  A gargoyle (D:7)
  2 komodo dragons
  A troll (D:6)
  A hornet (D:8)
  5 yaks (D:9)
  A steam dragon (D:8)
  2 water moccasins
  4 ice beasts
  3 sky beasts
  An orc warrior (D:8)
  An ogre (D:6)
  4 centaurs
  2 kobold brigands (D:9)
  A gnoll sergeant (D:8)
  2 scorpions
  3 wights (D:8)
  5 killer bees (D:9)
  2 howler monkeys
  A centaur zombie (D:8)
  7 orc priests
  A hound (D:6)
  5 jellies
  2 gnoll boudas (D:8)
  Jessica (D:3)
  10 iguanas
  5 orc wizards
  A mummy (D:9)
  A howler monkey zombie (D:8)
  6 adders
  15 gnolls
  A shadow imp (D:7)
  A white imp (D:5)
  A worm (D:4)
  6 dart slugs
  26 orcs
  6 ball pythons
  9 endoplasms
  2 giant cockroaches
  A goblin (D:2)
  6 hobgoblins
  6 jackals
  2 quokkas
  3 bats
  5 frilled lizards
  8 kobolds
  4 rats
183 creatures vanquished.

Vanquished Creatures (others)
  An orc wizard (D:6)
  A gnoll (D:8)
  13 plants
15 creatures vanquished.

Grand Total: 198 creatures vanquished

Notes
Turn   | Place    | Note
-------+----------+-------------------------------------------
     0 | D:1      | Flugslaktarn the Minotaur Fighter began the quest for the
                  | Orb.
     0 | D:1      | Reached XP level 1. HP: 19/19 MP: 0/0
   248 | D:1      | Reached XP level 2. HP: 26/27 MP: 1/1
   509 | D:1      | Reached skill level 3 in Axes
   758 | D:2      | Found a faded altar of an unknown god.
   895 | D:1      | Reached XP level 3. HP: 27/33 MP: 2/2
   941 | D:2      | Prayed at the altar of an unknown god.
   941 | D:2      | Became a worshipper of Uskayaw the Reveller
   941 | D:2      | Reached * piety under Uskayaw
  1111 | D:2      | Reached ** piety under Uskayaw
  1296 | D:2      | Reached XP level 4. HP: 40/40 MP: 3/3
  1694 | D:3      | Reached skill level 4 in Axes
  2073 | D:3      | Reached *** piety under Uskayaw
  2076 | D:3      | Reached XP level 5. HP: 15/47 MP: 4/4
  2220 | D:3      | Noticed Jessica
  2225 | D:3      | Killed Jessica
  2226 | D:3      | Reached skill level 1 in Invocations
  2818 | D:4      | Reached XP level 6. HP: 37/53 MP: 6/6
  2883 | D:4      | Reached skill level 5 in Axes
  3199 | D:4      | Found a glowing golden altar of the Shining One.
  3317 | D:4      | Noticed an ice beast
  3327 | D:4      | Killed an ice beast
  3328 | D:4      | Reached skill level 5 in Fighting
  3328 | D:4      | Reached skill level 5 in Armour
  3328 | D:4      | Reached skill level 5 in Shields
  4102 | D:5      | Entered Level 5 of the Dungeon
  4130 | D:5      | Reached XP level 7. HP: 61/61 MP: 7/7
  4209 | D:5      | Reached skill level 6 in Axes
  4409 | D:5      | Found a sparkling altar of Nemelex Xobeh.
  4418 | D:5      | Found a hide-covered altar of Uskayaw.
  4638 | D:5      | Found a staircase to the Ecumenical Temple.
  4847 | D:6      | Noticed a troll
  4855 | D:6      | Killed a troll
  5173 | D:6      | Reached skill level 7 in Axes
  5173 | D:6      | Reached XP level 8. HP: 70/70 MP: 9/9
  6021 | D:7      | Identified the +4 rapier of Supply {freeze, MP+9}
  6029 | D:7      | Noticed a gargoyle
  6044 | D:7      | Reached skill level 8 in Axes
  6050 | D:7      | Reached **** piety under Uskayaw
  6220 | D:7      | Noticed a komodo dragon
  6228 | D:7      | Killed a komodo dragon
  6326 | D:7      | Reached XP level 9. HP: 67/78 MP: 11/11
  6674 | D:7      | Found a stormy altar of Qazlal.
  6828 | D:7      | Killed a gargoyle
  6829 | D:7      | Reached skill level 9 in Axes
  6829 | D:7      | Reached skill level 1 in Evocations
  6963 | D:7      | Found a shimmering altar of Xom.
  7581 | D:8      | Found a huge runed translucent gate.
  7581 | D:8      | Found a huge runed translucent gate.
  7581 | D:8      | Found a huge runed translucent gate.
  7581 | D:8      | Found a huge runed translucent gate.
  7581 | D:8      | Noticed a manticore
  7582 | D:8      | Noticed a polar bear
  7582 | D:8      | Noticed a polar bear
  7582 | D:8      | Noticed a polar bear
  7596 | D:8      | Reached skill level 5 in Invocations
  7649 | D:8      | Reached ***** piety under Uskayaw
  7895 | D:8      | Reached skill level 10 in Axes
  8152 | D:8      | Found a runed translucent gate.
  8152 | D:8      | Found a runed translucent gate.
  8152 | D:8      | Found a runed translucent gate.
  8152 | D:8      | Noticed sanka's ghost (novice GrFi)
  8154 | D:8      | Found a basalt altar of Yredelemnul.
  8443 | D:8      | Reached XP level 10. HP: 65/88 MP: 13/13
  8535 | D:8      | Found a staircase to the Lair.
  8956 | D:9      | Found a snail-covered altar of Cheibriados.
  9043 | D:9      | Shot with an arrow by a centaur

Illustrated notes

Levels and vault maps discovered:
D:1:      elethiomel_arrival_shortcut, layout_basic
D:2:      layout_basic, ebering_ecumenical_altar_ruins
D:3:      layout_basic, serial_co_window_serial, co_window_corner_a,
          co_window_paths_a, co_window_paths_a, co_window_corner_a,
          co_window_corner_a, co_window_of_opportunity_b, co_window_broadway_b,
          co_window_unsneaky_path_c, co_window_corner_b, co_window_4corner_b,
          glass_columns_b, glass_columns_a, uniq_jessica
D:4:      layout_basic, mainiacjoe_overflow_alcove_4
D:5:      layout_rooms, mainiacjoe_overflow_swirl,
          minmay_temple_entry_nine_rooms
D:6:      layout_layer_cave
D:7:      layout_basic, kennysheep_little_box, nicolae_qazlal_scattered_showers,
          minmay_lizard_king
D:8:      lemuel_bear_cage, layout_basic, nicolae_yredelemnul_ghost_church,
          david_lair_shrubbed, chequers_avenue
D:9:      layout_basic, slow_altar_1, lemuel_round_altar, orc_0_dummy,
          minmay_misc_feat_enclosed

Skill      XL: |  1  2  3  4  5  6  7  8  9 10 |
---------------+-------------------------------+-----
Axes           | 3 4 5 7 8 10 | 10.7
Fighting       | 4 5 6 7 8 |  8.2
Armour         | 4 5 6 7 8 |  8.3
Shields        | 4 5 6 7 8 |  8.2
Invocations    | 1 2 3 4 5 |  5.8
Evocations     | 2 3 |  3.3

Action                     |  1- 3 |  4- 6 |  7- 9 | 10-12 || total
---------------------------+-------+-------+-------+-------++-------
  Melee: War axe           |    49 |   118 |   200 |    41 ||   408
         Headbutt          |     7 |    17 |    48 |    12 ||    84
  Evoke: Wand              |       |       |     3 |       ||     3
    Use: Scroll            |       |    11 |     3 |       ||    14
         Potion            |       |     4 |     2 |       ||     6
   Stab: Paralysed         |       |     3 |    13 |     5 ||    21
 Armour: Scale mail        |    28 |    45 |    67 |       ||   140
         Chain mail        |       |       |    36 |    24 ||    60
  Dodge: Dodged            |    31 |    35 |    88 |    16 ||   170
  Block: Buckler           |     9 |    29 |    51 |       ||    89
         Kite shield       |       |       |    19 |    30 ||    49

Table legend: (Time is in decaauts)
 A = Elapsed time spent in this place.
 B = Non-inter-level travel time spent in this place.
 C = Inter-level travel time spent in this place.
 D = Time resting spent in this place.
 E = Time spent auto-exploring this place.
 F = Levels seen in this place.
 G = Mean time per level.
                   A        B        C        D        E       F      G
               +--------+--------+--------+--------+--------+-----+--------+
         Total |   9135 |   8909 |    226 |   1543 |   6228 |   9 | 1015.0 |
       Dungeon |   9135 |   8909 |    226 |   1543 |   6228 |   9 | 1015.0 |
               +--------+--------+--------+--------+--------+-----+--------+

Top non-repeatable levels by time:
     D:8: 1783 daAuts
     D:4: 1485 daAuts
     D:7: 1272 daAuts
     D:6: 1219 daAuts
     D:3: 1004 daAuts
     D:1: 834 daAuts
     D:2: 832 daAuts
     D:5: 612 daAuts
     D:9: 90 daAuts
